 Dungeon Crawl Stone Soup version 0.32-a0-22-g6ae6769602 (webtiles) character file.

Game seed: 6314757305645433440

231 Armakuni the Firebug (level 5, -2/28 HPs)
             Began as a Deep Elf Wanderer on Jan 18, 2024.
             Slain by a goblin
             ... wielding a +0 club
              (5 damage)
             ... on level 3 of the Dungeon on Jan 19, 2024.
             The game lasted 00:08:06 (2640 turns).

Armakuni the Firebug (Deep Elf Wanderer)            Turns: 2640, Time: 00:08:07

Health: -2/28      AC:  6    Str:  8    XL:     5   Next: 72%
Magic:  9/9        EV: 13    Int: 17    God:
Gold:   111        SH:  0    Dex: 17    Spells: 5/7 levels left

rFire   . . .        a - +0 quarterstaff
rCold   . . .        (shield currently unavailable)
rNeg    . . .        c - +0 robe
rPois   +            f - +2 helmet
rElec   .            (no cloak)
rCorr   .            (no gloves)
SInv    .            j - +0 pair of boots
Will    .....        i - amulet of faith
Stlth   ++           P - ring of poison resistance
HPRegen 0.24/turn    (no ring)
MPRegen 0.11/turn

%: faith
@: no status effects
A: no striking features
a: no special abilities


You were on level 3 of the Dungeon.
You visited 1 branch of the dungeon, and saw 3 of its levels.

You collected 111 gold pieces.

Inventory:

Hand Weapons
 a - a +0 quarterstaff (weapon)
Armour
 c - a +0 robe (worn)
 f - a +2 helmet (worn)
 j - a +0 pair of boots (worn)
Jewellery
 i - an amulet of faith (around neck)
 P - a ring of poison resistance (left hand)
Potions
 b - a potion of might
 e - 2 potions of heal wounds {unknown}
 g - a potion of brilliance {unknown}
 h - a potion of curing {unknown}
 m - a potion of mutation {unknown}


   Skills:
 - Level 2.4 Dodging
 - Level 1.5 Spellcasting
 - Level 5.3 Hexes
 + Level 6.7 Fire Magic
 - Level 1.0 Invocations


You had 5 spell levels left.
You knew the following spells:

 Your Spells              Type           Power      Damage    Failure   Level
s - Slow                  Hex            76%        N/A       2%          1
z - Foxfire               Conj/Fire      48%        2x1d6     5%          1

Your spell library contained the following spells:

 Spells                   Type           Power      Damage    Failure   Level
 Inner Flame              Hex/Fire       21%        N/A       5%          3
 Ensorcelled Hibernation  Hex/Ice        20%        N/A       11%         2
 Cause Fear               Hex            9%         N/A       22%         4
 Ozocubu's Armour         Ice            1%         N/A       52%         3
 Metabolic Englaciation   Hex/Ice        5%         N/A       88%         5
 Sculpt Simulacrum        Ice/Alch       0%         N/A       100%        6


Dungeon Overview and Level Annotations

Branches:
Dungeon (3/15)

Altars:

Annotations:
D:3 Ijyb, Robin


Message History

You open the door.
There is an open door here.
There is a fountain of clear blue water here.
Found a glaive.
You open the door.
There is an open door here.
Robin, 3 goblins, Ijyb and 3 hobgoblins come into view.
Robin is wielding a +2 mace of draining.
Ijyb is wielding a +0 club and carrying a wand of quicksilver.
Ijyb shouts!
The goblin shouts! x2
Robin's bangles clink loudly.
Robin throws Ijyb at you! Ijyb barely misses you.
The goblin shouts!
The hobgoblin shouts! x2
There are monsters nearby!
Ijyb attacks as she pursues you! Ijyb hits you with a +0 club.
You aren't carrying any items that you can evoke.
Okay, then.
Unknown command.
You feel very mighty all of a sudden.
Ijyb zaps a wand.
The bolt of dispelling energy misses you.
You hit Ijyb.
Ijyb is lightly wounded.
Robin roars a battlecry!
Ijyb goes into a battle-frenzy!
Ijyb misses you.
You hear a shout!
Unknown command.
You sock Ijyb!
Ijyb is heavily wounded.
Ijyb closely misses you.
Ijyb zaps a wand.
The bolt of dispelling energy hits you!!
Your magical effects are unravelling.
Ouch! That really hurt!
* * * LOW HITPOINT WARNING * * *
You aren't carrying any scrolls.
You hit Ijyb.
Ijyb is severely wounded.
You feel a little less mighty now. Robin throws the goblin at you!
The goblin hits you with a +0 club.
You die...

###### ......
......# #### .......
..). .gg....
######....gg....####
'.........g....gg..#
#.####.. #g# #..##
#@# #...## #g#
.###.## #.# .#.#..#
#.# #.⌠.#.# #.#
.#.#..# #.# .###..#
#.# #.....# #.#
.....## #.#


You could see Ijyb (strong), Robin and 2 goblins.

Vanquished Creatures
  A scorpion (D:3)
  Natasha (thrice) (D:3)
  A gnoll (D:1)
  3 adders (D:2)
  3 dart slugs
  4 ball pythons
  4 endoplasms
  3 giant cockroaches
  7 goblins
  5 hobgoblins
  2 jackals (D:2)
  8 kobolds
  A quokka (D:2)
  5 bats
  3 frilled lizards
  6 rats
59 creatures vanquished.

Vanquished Creatures (others)
  148 foxfires
148 creatures vanquished.

Grand Total: 207 creatures vanquished

Notes
Turn   | Place    | Note
-------+----------+-------------------------------------------
     0 | D:1      | Armakuni the Deep Elf Wanderer began the quest for the Orb.
     0 | D:1      | Armakuni set off with the following items: a +0 dagger, a
                  | potion of might, a +0 robe, a +0 helmet; and the following
                  | spells available to memorise: Slow, Ensorcelled
                  | Hibernation, Foxfire, Inner Flame, Cause Fear.
     0 | D:1      | Reached XP level 1. HP: 10/10 MP: 5/5
    12 | D:1      | Learned a level 1 spell: Slow
    14 | D:1      | Learned a level 1 spell: Foxfire
   190 | D:1      | Reached skill level 3 in Fire Magic
   266 | D:1      | Reached XP level 2. HP: 15/15 MP: 4/6
   681 | D:1      | Reached XP level 3. HP: 19/19 MP: 4/7
   737 | D:1      | Reached skill level 4 in Fire Magic
  1112 | D:2      | Upgraded the game from 0.32-a0-19-g28bc0835a1 to
                  | 0.32-a0-22-g6ae6769602
  1289 | D:2      | Reached XP level 4. HP: 24/24 MP: 3/8
  1352 | D:2      | Reached skill level 5 in Fire Magic
  1552 | D:2      | You fall into a shaft and drop 1 floor!
  1617 | D:2      | Noticed Natasha
  1642 | D:3      | Killed Natasha
  2092 | D:3      | Noticed a scorpion
  2099 | D:3      | Killed a scorpion
  2100 | D:3      | Reached skill level 6 in Fire Magic
  2100 | D:3      | Reached XP level 5. HP: 28/28 MP: 5/9
  2151 | D:3      | Noticed Natasha
  2157 | D:3      | Killed Natasha
  2301 | D:3      | Noticed Natasha
  2307 | D:3      | Killed Natasha
  2635 | D:3      | Noticed Robin
  2635 | D:3      | Noticed Ijyb
  2640 | D:3      | Slain by a goblin

Illustrated notes

Levels and vault maps discovered:
D:1:      dpeg_arrival_ternary, layout_basic, nicolae_grassy_gnolls
D:2:      layout_loops_ring, uniq_natasha
D:3:      layout_basic, nrook_mini_backslash, grunt_decor_one_mirror,
          minmay_misc_feat_four_crosses, corexii_shack, nicolae_goblin_pals

Skill      XL: |  1  2  3  4 |
---------------+-------------+-----
Fire Magic     | 3 4 6 |  6.7
Dodging        | |  2.4
Spellcasting   | |  1.5
Hexes          | |  5.3
Invocations    | |  1.0

Action                     |  1- 3 |  4- 6 || total
---------------------------+-------+-------++-------
  Melee: Dagger            |    16 |       ||    16
         Quarterstaff      |     4 |    24 ||    28
   Cast: Foxfire           |    56 |    34 ||    90
    Use: Scroll            |     3 |     4 ||     7
         Potion            |       |     1 ||     1
 Armour: Robe              |    15 |    16 ||    31
  Dodge: Dodged            |    25 |    27 ||    52

Table legend: (Time is in decaauts)
 A = Elapsed time spent in this place.
 B = Non-inter-level travel time spent in this place.
 C = Inter-level travel time spent in this place.
 D = Time resting spent in this place.
 E = Time spent auto-exploring this place.
 F = Levels seen in this place.
 G = Mean time per level.
                   A        B        C        D        E       F      G
               +--------+--------+--------+--------+--------+-----+--------+
         Total |   2648 |   2566 |     82 |    221 |   1835 |   3 |  882.7 |
       Dungeon |   2648 |   2566 |     82 |    221 |   1835 |   3 |  882.7 |
               +--------+--------+--------+--------+--------+-----+--------+

Top non-repeatable levels by time:
     D:2: 1094 daAuts
     D:1: 911 daAuts
     D:3: 643 daAuts
